 Dungeon Crawl Stone Soup version 0.27-b1-42-g19c61b19a5 (webtiles) character file.

Game seed: 18157474841007665373

60 sanka the Ruffian (level 3, -2/37 HPs)
             Began as a Troll Monk on July 29, 2021.
             Slain by a gnoll (10 damage)
             ... on level 2 of the Dungeon.
             The game lasted 00:01:48 (922 turns).

sanka the Ruffian (Troll Monk)                       Turns: 922, Time: 00:01:49

Health: -2/37      AC:  4    Str: 19    XL:     3   Next: 80%
Magic:  2/2        EV: 10    Int:  6    God:
Gold:   63         SH:  0    Dex: 13    Spells: 2/2 levels left

rFire    . . .     SeeInvis .     - Unarmed
rCold    . . .     Faith    .   (no shield)
rNeg     . . .     Spirit   .   a - +0 robe
rPois    .         Reflect  .   (helmet restricted)
rElec    .         Harm     .   (no cloak)
rCorr    .         Rampage  .   (gloves unavailable)
Will     .....                  (boots unavailable)
Stlth    ++........             (no amulet)
HPRegen  1.12/turn              (no ring)
MPRegen  0.08/turn              (no ring)

@: no status effects
A: large, unfitting armour, claws 3, regeneration 1, shaggy fur 1, tough skin 1
a: no special abilities


You were on level 2 of the Dungeon.
You visited 1 branch of the dungeon, and saw 2 of its levels.

You collected 63 gold pieces.


Innate Abilities, Weirdness & Mutations

You are too large for most types of armour.
You have claws for hands.
Your natural rate of healing is unusually fast.
You are covered in fur. (AC +1)
You have tough skin. (AC +1)


   Skills:
 + Level 3.2 Fighting
 - Level 2.4 Dodging
 - Level 1.0 Stealth
 + Level 4.0 Unarmed Combat


You had 2 spell levels left.
You didn't know any spells.
Your spell library was empty.

Inventory:

Armour
 a - a +0 robe (worn)
Scrolls
 b - a scroll of identify {unknown}
 c - a scroll of enchant armour {unknown}
Potions
 d - a potion of attraction {unknown}
 e - a potion of invisibility {unknown}
 f - a potion of flight {unknown}

Dungeon Overview and Level Annotations

Branches:
Dungeon (2/15)

Altars:

▒▒▒▒ ▒...)...........▒
... ▒..▒▒▒▒.▒▒▒▒▒▒▒.▒
▒.▒▒▒▒..▒▒▒▒.▒ .▒
▒....†.......▒ ▒
▒▒.▒▒▒▒.▒▒.▒▒▒ ▒▒▒▒▒▒.▒▒
▒.▒▒.▒ ........▒ ▒.▒▒.▒▒
.▒▒▒▒▒..▒▒▒.▒...▒▒▒▒▒▒▒..
▒.<▒▒......T.gg....▒
...........▒▒...▒▒g▒▒▒▒..
...▒▒▒.....▒▒▒.▒▒ .▒ .
......▒ ▒.▒ ..
▒▒▒▒▒▒▒...▒▒ ... ▒.. 8g..
▒.▒▒ ..▒▒▒ ▒.▒ ..▒


You could see 3 gnolls.


Message History

No target in view!
You start resting.
HP restored.
You now have 63 gold pieces (gained 12).
You see here a +0 short sword.
Found 15 stones.
Found a robe.
A gnoll comes into view.
It is wielding a +0 spear. 2 gnolls come into view.
The gnoll shouts!
A gnoll opens the door.
The gnoll hits you from afar with a +0 spear!
The gnoll hits you from afar with a +0 halberd!
* * * LOW HITPOINT WARNING * * *
A goblin comes into view. It is wielding a +0 dagger.
The goblin shouts!
The gnoll barely misses you. The gnoll closely misses you.
The gnoll barely misses you.
You scratch the gnoll.
The gnoll is lightly wounded.
The gnoll hits you with a +0 spear.
* * * LOW HITPOINT WARNING * * *
The gnoll hits you from afar with a +0 spear.
* * * LOW HITPOINT WARNING * * *
The gnoll hits you with a +0 halberd.
* * * LOW HITPOINT WARNING * * *
The gnoll hits you but does no damage.
The gnoll hits you from afar with a +0 halberd!
You die...

Action                   || total
-------------------------++-------
Melee: Unarmed           ||    98
       Punch             ||     2
 Stab: Sleeping          ||     4
Armor: Robe              ||    31
Dodge: Dodged            ||    55

Levels and vault maps discovered:
D:1:      lightli_molten_gateway, layout_loops_ring,
          chequers_serial_rivers_large_a, chequers_serial_rivers_room_b,
          amcnicky_mini_pool_small
D:2:      minmay_diamond_boxcup, layout_loops_ring,
          shapermc_ecumenical_altar_starsandcircs, basic_altar, serial_glass,
          glass_columns_a, glass_columns_c, kennysheep_donut, minivault_24,
          grunt_ministairs_15

Notes
Turn   | Place    | Note
-------+----------+-------------------------------------------
     0 | D:1      | sanka the Troll Monk began the quest for the Orb.
     0 | D:1      | Reached XP level 1. HP: 22/22 MP: 0/0
    57 | D:1      | Reached XP level 2. HP: 22/29 MP: 1/1
   190 | D:1      | Reached skill level 3 in Fighting
   214 | D:1      | Reached XP level 3. HP: 37/37 MP: 2/2
   825 | D:2      | Reached skill level 4 in Unarmed Combat
   850 | D:2      | Found a faded altar of an unknown god.
   922 | D:2      | Slain by a gnoll

Vanquished Creatures
  An adder (D:2)
  3 dart slugs (D:1)
  2 ball pythons (D:1)
  6 endoplasms
  A giant cockroach (D:1)
  3 goblins (D:1)
  6 hobgoblins (D:1)
  7 jackals (D:1)
  2 kobolds
  A quokka (D:1)
  2 bats (D:1)
  2 frilled lizards (D:1)
  A rat (D:1)
37 creatures vanquished.
